 Dungeon Crawl Stone Soup version 0.29-a0-96-g93358da72b (webtiles) character file.

Game seed: 7862960933677644629

17 siradein the Insei (level 2, -3/18 HPs)
             Began as an Octopode Transmuter on Feb 11, 2022.
             Slain by a quokka (5 damage)
             ... on level 2 of the Dungeon.
             The game lasted 00:02:16 (997 turns).

siradein the Insei (Octopode Transmuter)             Turns: 997, Time: 00:02:17

Health: -3/18      AC:  1    Str:  9    XL:     2   Next: 62%
Magic:  5/5        EV: 13    Int: 15    God:
Gold:   33         SH:  0    Dex: 12    Spells: 2/5 levels left

rFire   . . .      SeeInvis .     - Unarmed
rCold   . . .      Faith    .   (no shield)
rNeg    . . .      Spirit   .   (helmet currently unavailable)
rPois   .          Reflect  .   (no amulet)
rElec   .          Harm     .   (no ring)
rCorr   .          Rampage  .   (no ring)
Will    .....                   (no ring)
Stlth   ++........              (no ring)
HPRegen 0.06/turn               (no ring)
MPRegen 0.09/turn               (no ring)
                                (no ring)
                                (no ring)

@: appendages
A: tentacle spike 3, almost no armour, amphibious, 8 rings, camouflage 1,
gelatinous body 1, (nimble swimmer 1), tentacles
a: End Transformation


You were on level 2 of the Dungeon.
One of your tentacles had grown a beastly spike.
You visited 1 branch of the dungeon, and saw 2 of its levels.

You collected 33 gold pieces.

Inventory:

Missiles
 g - 2 throwing nets
Scrolls
 a - 2 scrolls of amnesia {unknown}
 c - 2 scrolls of identify {unknown}
 e - a scroll of immolation {unknown}
 i - a scroll of blinking {unknown}
Potions
 b - a potion of invisibility {unknown}
 d - 2 potions of curing {unknown}
 f - a potion of flight {unknown}
 h - a potion of haste {unknown}


   Skills:
 - Level 1.0 Fighting
 - Level 2.0 Dodging
 - Level 3.0 Unarmed Combat
 - Level 2.0 Spellcasting
 + Level 2.5 Transmutations
 + Level 1.8 Poison Magic


You had 2 spell levels left.
You knew the following spells:

 Your Spells              Type           Power      Damage    Failure   Level
a - Beastly Appendage     Tmut           18%        N/A       8%          1
b - Wereblood             Tmut           9%         N/A       12%         2

Your spell library contained the following spells:

 Spells                   Type           Power      Damage    Failure   Level
 Spider Form              Tmut/Pois      8%         N/A       26%         3
 Ice Form                 Ice/Tmut       5%         N/A       78%         4


Dungeon Overview and Level Annotations

Branches:
Dungeon (2/15)

Altars:

Shops:
D:1 [


Innate Abilities, Weirdness & Mutations

One of your tentacles has grown a beastly spike.
You cannot wear most types of armour.
You are amphibious.
You can wear up to eight rings at the same time.
Your skin changes colour to match your surroundings (Stealth+).
Your rubbery body absorbs attacks. (AC +1, EV +1)
((You are camouflaged when in or above water. (Stealth+)))
You have tentacles for arms and can constrict up to eight enemies at once.


Message History

The frilled lizard bites you but does no damage.
You closely miss the frilled lizard. Your grab misses the frilled lizard.
You pierce the frilled lizard.
You kill the frilled lizard!
Your tentacle spike disappears.
An adder comes into view.
You see here 9 gold pieces.
An adder is nearby!
An adder is nearby!
A quokka comes into view.
One of your tentacles grows a vicious spike.
You tentacle-slap the adder. Your grab misses the adder.
The adder is moderately wounded.
The adder misses you.
You barely miss the adder. Your grab misses the adder.
Your squeeze misses the adder.
The adder is moderately wounded.
The adder bites you. The quokka bites you. The adder bites you.
You are poisoned.
The adder poisons you!
You are too injured to fight recklessly!
You are too injured to fight recklessly!
You are too injured to fight recklessly!
Unknown command.
You feel sick.
You feel sick.
You feel sick. The adder bites you.
* * * LOW HITPOINT WARNING * * *
You feel sick. The quokka misses you.
Found a scroll labelled BIFEONT KOFULI.
You feel sick.
You are no longer poisoned.
The adder barely misses you.
You barely miss the adder. You grab the adder.
You pierce the adder, but do no damage.
The adder is moderately wounded.
You constrict the adder. The adder barely misses you.
You tentacle-slap the adder.
The adder is heavily wounded.
You constrict the adder. The adder barely misses you. The quokka bites you.
You die...

#.............. #
#### #.############.
.. ... #######.#
####.#.
...##.###.......##
#....#.
.................#
#......
..........$......###
#....#.
###..................
#....#.
.........###Sr.......
##...#. ###.#.####
#@................ #
#...!.##..........
..##.## ..........
.... ... .........
##... ..... ..#.
#.... ... #.#. ....?
... #. #..... #. #.


You could see an adder and a quokka.

Vanquished Creatures
  A dart slug (D:1)
  3 bats (D:1)
  An endoplasm (D:1)
  A giant cockroach (D:1)
  A hobgoblin (D:2)
  3 ball pythons
  A frilled lizard (D:2)
  6 rats
17 creatures vanquished.

Notes
Turn   | Place    | Note
-------+----------+-------------------------------------------
     0 | D:1      | siradein the Octopode Transmuter began the quest for the
                  | Orb.
     0 | D:1      | Reached XP level 1. HP: 13/13 MP: 3/3
    99 | D:1      | Found Zeamubai's Armour Shoppe.
   263 | D:1      | Reached skill level 1 in Poison Magic
   359 | D:1      | Reached XP level 2. HP: 18/18 MP: 3/5
   389 | D:1      | Learned a level 2 spell: Wereblood
   997 | D:2      | Slain by a quokka

Illustrated notes

Levels and vault maps discovered:
D:1:      shiori_arrival_elements, layout_rooms, serial_shops,
          nicolae_shop_statue_plus
D:2:      layout_basic, skrybe_limestone_x

Skill      XL: |  1 |
---------------+----+-----
Poison Magic   | 1 |  1.8
Fighting       | |  1.0
Dodging        | |  2.0
Unarmed Combat | |  3.0
Spellcasting   | |  2.0
Transmutations | |  2.5

Action                   || total
-------------------------++-------
Melee: Unarmed           ||    36
       Tentacles         ||     6
       Constrict         ||     8
       Kick              ||     6
 Cast: Beastly Appendage ||    14
 Stab: Sleeping          ||     5
Armor: Skin              ||     4
Dodge: Dodged            ||    20

Table legend: (Time is in decaauts)
 A = Elapsed time spent in this place.
 B = Non-inter-level travel time spent in this place.
 C = Inter-level travel time spent in this place.
 D = Time resting spent in this place.
 E = Time spent auto-exploring this place.
 F = Levels seen in this place.
 G = Mean time per level.
                   A        B        C        D        E       F      G
               +--------+--------+--------+--------+--------+-----+--------+
         Total |    994 |    988 |      6 |      0 |    842 |   2 |  497.0 |
       Dungeon |    994 |    988 |      6 |      0 |    842 |   2 |  497.0 |
               +--------+--------+--------+--------+--------+-----+--------+

Top non-repeatable levels by time:
     D:1: 706 daAuts
     D:2: 287 daAuts
